 Dungeon Crawl Stone Soup version 0.26-a0-612-gd4d190f45e (webtiles) character file.

Game seed: 9022737077275455027

758 DogServant the Shield-Bearer (level 8, -6/96 HPs)
             Began as a Formicid Fighter on Sept 9, 2020.
             Killed by divine providence
             ... invoked by an orc priest
              (12 damage)
             ... on level 5 of the Dungeon.
             The game lasted 00:09:06 (4249 turns).

DogServant the Shield-Bearer (Formicid Fighter)     Turns: 4249, Time: 00:09:06

Health: -6/96      AC: 24    Str: 23    XL:     8   Next: 7%
Magic:  8/8        EV:  2    Int:  8    God:
Gold:   283        SH: 10    Dex: 10    Spells: 7/7 levels left

rFire    . . .     SeeInvis .   a - +1 war axe
rCold    . . .     Faith    .   c - +0 kite shield
rNeg     + + +     Spirit   .   (armour currently unavailable)
rPois    +         Reflect  .   (helmet unavailable)
rElec    .         Harm     .   (cloak currently unavailable)
rCorr    .                      (gloves currently unavailable)
MR       .....                  (boots currently unavailable)
Stlth    +.........             (no amulet)
HPRegen  0.26/turn              (no ring)
MPRegen  0.11/turn              (no ring)

@: mighty, tree-form
A: permanent stasis, dig shafts and tunnels, four strong arms
a: no special abilities


You were on level 5 of the Dungeon.
You were a tree.
You visited 1 branch of the dungeon, and saw 5 of its levels.

You collected 283 gold pieces.

Inventory:

Hand Weapons
 a - a +1 war axe (weapon)
Missiles
 t - 9 boomerangs (quivered)
Armour
 b - a +0 scale mail (melded)
 c - a +0 kite shield (worn)
Jewellery
 j - an uncursed ring of ice {unknown}
 p - an uncursed amulet of the acrobat {unknown}
Wands
 k - a wand of paralysis (5)
Scrolls
 d - 3 scrolls of remove curse {unknown}
 e - a scroll of magic mapping
 f - a scroll of enchant weapon
 g - 5 scrolls of amnesia
 i - 2 scrolls of fog
 l - a scroll of identify {unknown}
 r - a scroll of blinking {unknown}
Potions
 h - a potion of magic
 m - a potion of lignification
 n - 3 potions of cancellation {unknown}
 o - a potion of heal wounds {unknown}
 q - a potion of invisibility {unknown}
 u - a potion of mutation {unknown}


   Skills:
 + Level 5.7 Fighting
 + Level 4.6 Axes
 + Level 5.5 Armour
 + Level 6.1 Shields


You had 7 spell levels left.
You didn't know any spells.
Your spell library was empty.

Dungeon Overview and Level Annotations

Branches:
Dungeon (5/15)
 Temple: D:4-7

Altars:
Dithmenos
The Shining One

Annotations:
D:5 Pikel


Innate Abilities, Weirdness & Mutations

You cannot be hasted, slowed, berserked, paralysed or teleported.
You can dig through walls and to a lower floor.
Your four strong arms can wield two-handed weapons with a shield.
((You have a pair of large antennae on your head. (SInv)))


Message History

Pikel drinks a potion.
Pikel is healed!
The orc wizard casts a spell.
The orc wizard flickers and vanishes for a moment.
It was a potion of lignification.
You turn into a tree.
Your +0 scale mail melds into your body.
Your roots penetrate the ground.
Pikel hits you but does no damage.
You barely miss Pikel.
Pikel is heavily wounded.
You block Pikel's attack.
You slash Pikel!
Pikel is almost dead.
Pikel drinks a potion.
Pikel is healed!
An orc comes into view. It is wielding a +0 club.
Pikel hits you but does no damage.
The orc shouts!
You hit Pikel.
Pikel is severely wounded.
The orc priest mumbles some strange prayers to Beogh against you.
Beogh smites you!
You die...

..........###....
........##...!..
..#............. {
# #...........!.
##.......#..... o.
#...†...## ....
...o###§.......#
##.
..5.5{K§§.....#...
!##{5#♣§§...##....
#. #§§§....# #..
.. #§#§...... ..
.. ######.#... #
##..# ##


You could see Pikel, a lemure, an orc priest, a white imp and an orc.

Vanquished Creatures
  Grinder (D:3)
  A lemure (D:5)
  Blork the orc (D:5)
  2 crimson imps (D:4)
  A centaur zombie (D:4)
  A hound (D:4)
  A centaur skeleton (D:4)
  2 orc wizards (D:3)
  2 worker ants
  A hound skeleton (D:4)
  Robin (D:2)
  9 adders
  A white imp (D:4)
  An adder skeleton (D:4)
  2 worms
  3 dart slugs
  4 leopard geckos
  8 orcs
  6 bats
  2 giant cockroaches
  11 goblins
  7 hobgoblins
  16 jackals
  2 quokkas (D:3)
  A ball python (D:3)
  3 frilled lizards
  A giant cockroach zombie (D:4)
  A goblin zombie (D:4)
  4 hobgoblin zombies (D:4)
  6 kobolds
  A kobold skeleton (D:4)
  A leopard gecko zombie (D:4)
  4 orc skeletons (D:4)
  8 rats
116 creatures vanquished.

Notes
Turn   | Place    | Note
-------+----------+-------------------------------------------
     0 | D:1      | DogServant the Formicid Fighter began the quest for the
                  | Orb.
     0 | D:1      | Reached XP level 1. HP: 18/18 MP: 1/1
   174 | D:1      | Reached XP level 2. HP: 20/24 MP: 2/2
  1020 | D:2      | Reached XP level 3. HP: 30/30 MP: 3/3
  1026 | D:2      | Reached skill level 4 in Shields
  1185 | D:2      | Noticed Robin
  1382 | D:2      | Reached XP level 4. HP: 35/37 MP: 4/4
  1385 | D:2      | Killed Robin
  1526 | D:2      | Reached XP level 5. HP: 27/42 MP: 5/5
  1846 | D:2      | You fall into a shaft and drop 1 floor!
  1875 | D:3      | Noticed Grinder
  1898 | D:3      | HP: 2/42 [Grinder (6)]
  1899 | D:3      | Killed Grinder
  1899 | D:3      | Reached skill level 5 in Shields
  1899 | D:3      | Reached XP level 6. HP: 2/50 MP: 6/6
  2351 | D:3      | Reached XP level 7. HP: 47/55 MP: 7/7
  2509 | D:3      | Reached skill level 5 in Fighting
  2870 | D:3      | Reached skill level 5 in Armour
  3343 | D:4      | Found a glowing golden altar of the Shining One.
  3472 | D:4      | Found a shadowy altar of Dithmenos.
  3853 | D:4      | Reached skill level 6 in Shields
  4077 | D:5      | Entered Level 5 of the Dungeon
  4084 | D:5      | Noticed Blork the orc
  4094 | D:5      | Killed Blork the orc
  4094 | D:5      | Reached XP level 8. HP: 40/64 MP: 8/8
  4233 | D:5      | Noticed Pikel
  4244 | D:5      | HP: 3/64 [Pikel/+0 whip of electrocution (14)]
  4249 | D:5      | Killed from afar by an orc priest

Illustrated notes

Levels and vault maps discovered:
D:1:      scummos_arrival_forest, layout_basic
D:2:      layout_basic, uniq_robin
D:3:      layout_loops_ring, uniq_grinder
D:4:      layout_loops_ring, nicolae_tso_besieged_by_evil,
          nicolae_dithmenos_the_darkroom, serial_undead, serial_undead_b,
          serial_undead_e, serial_undead_d, serial_undead_f,
          minmay_fire_ice_demons
D:5:      layout_cave_pools, lemuel_doored_altar, serial_shops, shop,
          bloody_makhleb, uniq_pikel, uniq_blork_the_orc

Skill      XL: |  1  2  3  4  5  6  7 |
---------------+----------------------+-----
Shields        | 4 5 6 |  6.1
Fighting       | 4 5 |  5.7
Armour         | 4 5 |  5.5
Axes           | 3 4 |  4.6

Action                   |  1- 3 |  4- 6 |  7- 9 || total
-------------------------+-------+-------+-------++-------
Melee: War axe           |    89 |    86 |   191 ||   366
  Use: Scroll            |     3 |       |     2 ||     5
       Potion            |     1 |     3 |     2 ||     6
Armor: Scale mail        |    42 |    45 |    68 ||   155
       Skin              |       |       |     2 ||     2
Dodge: Dodged            |    41 |    36 |    65 ||   142
Block: Kite shield       |    48 |    55 |    99 ||   202

Table legend: (Time is in decaauts)
 A = Elapsed time spent in this place.
 B = Non-inter-level travel time spent in this place.
 C = Inter-level travel time spent in this place.
 D = Time resting spent in this place.
 E = Time spent auto-exploring this place.
 F = Levels seen in this place.
 G = Mean time per level.
                   A        B        C        D        E       F      G
               +--------+--------+--------+--------+--------+-----+--------+
         Total |   4389 |   4323 |     66 |    565 |   2851 |   5 |  877.8 |
       Dungeon |   4389 |   4323 |     66 |    565 |   2851 |   5 |  877.8 |
               +--------+--------+--------+--------+--------+-----+--------+

Top non-repeatable levels by time:
     D:3: 1249 daAuts
     D:1: 1138 daAuts
     D:4: 1058 daAuts
     D:2: 763 daAuts
     D:5: 179 daAuts
